 Dungeon Crawl Stone Soup version 0.30-a0-1114-gd936c97349 (webtiles) character file.

Game seed: 3950090534009095412

202 KristoblXynda the Chopper (level 5, -1/61 HPs)
             Began as a Vampire Berserker on Apr 21, 2023.
             Was a Believer of Trog.
             Succumbed to a water moccasin's poison
             ... on level 3 of the Dungeon.
             The game lasted 00:02:23 (2205 turns).

KristoblXynda the Chopper (Vampire Berserker)       Turns: 2205, Time: 00:02:24

Health: -1/61      AC:  8    Str: 18    XL:     5   Next: 50%
Magic:  5/5        EV:  9    Int:  9    God:    Trog [**....]
Gold:   181        SH:  0    Dex: 14    Spells: 4/4 levels left

rFire   . . .      SeeInvis +    g - +0 war axe
rCold   . . .      Faith    .    (no shield)
rNeg    . . .      Spirit   .    n - +0 chain mail
rPois   .          Reflect  .    (no helmet)
rElec   .          Rampage  .    (no cloak)
rCorr   .                        (no gloves)
Will    .....                    (no boots) Stlth
                                 (no amulet)
HPRegen 0.50/turn                (no ring)
MPRegen 0.09/turn                (no ring)

@: berserking (expiring), lethally poisoned (-1 -> -23), healing quickly, very
quick
A: alive, fangs 3, see invisible, vampiric 2
a: Exsanguinate, Renounce Religion, Berserk, Trog's Hand


You were on level 3 of the Dungeon.
You worshipped Trog.
Trog was pleased with you.
You visited 1 branch of the dungeon, and saw 3 of its levels.

You collected 181 gold pieces.

Inventory:

Hand Weapons
 c - a +0 flail
 g - a +0 war axe (weapon)
Armour
 n - a +0 chain mail (worn)
Scrolls
 d - 3 scrolls of identify {unknown}
 j - a scroll of amnesia {unknown}
 k - a scroll of silence {unknown}
 m - 3 scrolls of teleportation {unknown}
Potions
 a - a potion of ambrosia {unknown}
 b - 3 potions of brilliance {unknown}
 e - a potion of haste {unknown}
 f - a potion of berserk rage {unknown}
 h - a potion of degeneration {unknown}
 i - a potion of heal wounds {unknown}
 l - a potion of resistance {unknown}
 o - a potion of mutation {unknown}


   Skills:
 + Level 3.5 Fighting
 * Level 4.1 Axes
 + Level 2.5 Armour
 + Level 3.3 Dodging


You had 4 spell levels left.
You didn't know any spells.
Your spell library contained the following spells:

 Spells                   Type           Power      Damage    Failure   Level
 Slow                     Hex            0%         N/A       98%         1
 Ensorcelled Hibernation  Hex/Ice        0%         N/A       99%         2
 Passwall                 Tmut/Erth      0%         N/A       99%         2
 Confusing Touch          Hex            0%         N/A       100%        3
 Portal Projectile        Hex/Tloc       0%         N/A       100%        3
 Swiftness                Air            0%         N/A       100%        3
 Tukima's Dance           Hex            0%         N/A       100%        3
 Vampiric Draining        Necr           0%         2d6       100%        3
 Blade Hands              Tmut           0%         N/A       100%        5


Dungeon Overview and Level Annotations

Branches:
Dungeon (3/15)

Altars:
Gozag

Shops:
D:1 [*


Innate Abilities, Weirdness & Mutations

Your natural rate of healing is accelerated.
You have razor-sharp teeth.
You have supernaturally acute eyesight. (SInv)
You are afflicted with vampirism and can become a bat while bloodless.


Message History

The water moccasin is lightly wounded.
You feel sick.
The water moccasin bites you but does no damage. x2
Unknown command.
A red film seems to cover your vision as you go berserk!
You feel yourself moving faster!
You feel mighty!
You feel sick.
You are no longer poisoned.
The water moccasin bites you!
You are poisoned.
The water moccasin poisons you!
You closely miss the water moccasin.
The water moccasin is lightly wounded.
You feel very sick. The water moccasin closely misses you.
You barely miss the water moccasin.
The water moccasin is lightly wounded.
You feel sick. The water moccasin bites you.
You are lethally poisoned!
The water moccasin poisons you! The water moccasin bites you.
You are more poisoned.
The water moccasin poisons you!
You slash the water moccasin!
The water moccasin is severely wounded.
You feel extremely sick.
The water moccasin bites you but does no damage.
You closely miss the water moccasin.
The water moccasin is severely wounded.
* * * LOW HITPOINT WARNING * * *
You feel extremely sick.
The water moccasin bites you but does no damage.
You slash the water moccasin!
You kill the water moccasin!
Trog accepts your kill.
* * * LOW HITPOINT WARNING * * *
You feel very sick.
Your Axes skill increases to level 4!
You have reached level 5!
You feel agile.
Unknown command.
You die...

..# ##..
.... ###
##.. ..# #.#
## #.# ..
#.###.###.#
#....r....#
#@#
####.#####
#........#
#.##.###.#
#.#....#.# #
###....#.#.#
+
+........#.#
#
##...†....#
###.#.####


You could see a rat.

Vanquished Creatures
  A water moccasin (D:3)
  3 gnolls (D:3)
  2 adders (D:2)
  2 dart slugs (D:3)
  4 orcs (D:3)
  7 ball pythons
  6 bats
  An endoplasm (D:1)
  A giant cockroach (D:2)
  5 goblins
  2 hobgoblins (D:2)
  5 kobolds
  A quokka (D:1)
  3 frilled lizards (D:1)
  5 rats
48 creatures vanquished.

Notes
Turn   | Place    | Note
-------+----------+-------------------------------------------
     0 | D:1      | KristoblXynda the Vampire Berserker began the quest for the
                  | Orb.
     0 | D:1      | Reached XP level 1. HP: 17/17 MP: 1/1
   321 | D:1      | Found Nyniv's Armour Emporium.
   330 | D:1      | Reached XP level 2. HP: 23/23 MP: 2/2
   512 | D:1      | Reached skill level 3 in Axes
   542 | D:1      | Found Miustre's Assorted Antiques.
   842 | D:2      | Found an opulent altar of Gozag.
   850 | D:2      | Gained mutation: You are afflicted with vampirism and can
                  | become a bat while bloodless. [Vampire growth]
   850 | D:2      | Reached XP level 3. HP: 25/28 MP: 3/3
   897 | D:2      | Found a faded altar of an unknown god.
   928 | D:2      | Reached ** piety under Trog
  1802 | D:3      | Reached XP level 4. HP: 20/35 MP: 4/4
  2192 | D:3      | Noticed a water moccasin
  2204 | D:3      | Killed a water moccasin
  2205 | D:3      | Reached skill level 4 in Axes
  2205 | D:3      | Reached XP level 5. HP: 3/41 MP: 5/5
  2205 | D:3      | Succumbed to a water moccasin's poison

Illustrated notes

Levels and vault maps discovered:
D:1:      co_arrival_square_in_a_square_in_a_square, layout_loops_ring,
          serial_shops, nicolae_shop_stone, nicolae_shop_tiny_statue_garden,
          serial_aquarium, aquarium_bridge_square [aquarium_subvault_wall,
          aquarium_subvault_window, aquarium_subvault_bridge,
          aquarium_subvault_window], aquarium_window_1, aquarium_window_1,
          aquarium_view_2c, aquarium_balcony_double_4, aquarium_pool_split,
          minmay_shallow_snake_nest
D:2:      layout_basic, basic_altar,
          hellmonk_ecumenical_altar_pennies_from_heaven, minivault_23
D:3:      layout_loops_corners, mainiacjoe_overflow_six_doors_small

Skill      XL: |  1  2  3  4 |
---------------+-------------+-----
Axes           | 3 4 |  4.1
Fighting       | 3 |  3.5
Armour         | 2 |  2.5
Dodging        | 3 |  3.3

Action                     |  1- 3 |  4- 6 || total
---------------------------+-------+-------++-------
  Melee: Hand axe          |    93 |       ||    93
         Bite              |     6 |     5 ||    11
         War axe           |    26 |    30 ||    56
         Unarmed           |     5 |       ||     5
 Invoke: Berserk           |       |     1 ||     1
 Armour: Scale mail        |    58 |       ||    58
         Chain mail        |    12 |    25 ||    37
  Dodge: Dodged            |    80 |    16 ||    96

Table legend: (Time is in decaauts)
 A = Elapsed time spent in this place.
 B = Non-inter-level travel time spent in this place.
 C = Inter-level travel time spent in this place.
 D = Time resting spent in this place.
 E = Time spent auto-exploring this place.
 F = Levels seen in this place.
 G = Mean time per level.
                   A        B        C        D        E       F      G
               +--------+--------+--------+--------+--------+-----+--------+
         Total |   2234 |   2201 |     33 |    152 |   1633 |   3 |  744.7 |
       Dungeon |   2234 |   2201 |     33 |    152 |   1633 |   3 |  744.7 |
               +--------+--------+--------+--------+--------+-----+--------+

Top non-repeatable levels by time:
     D:1: 848 daAuts
     D:3: 694 daAuts
     D:2: 691 daAuts
